 Dungeon Crawl Stone Soup version 0.16-a0-3246-g12054e0 (webtiles) character file.

15265 Chiseanne the Arsonist (level 11, -9/68 HPs)
             Began as a Demonspawn Wizard on Dec 22, 2014.
             Was an Elder of Vehumet.
             Killed themself with a badly aimed fireball (11 damage)
             ... on level 3 of the Lair of Beasts.
             The game lasted 01:29:52 (17705 turns).

Chiseanne the Arsonist (Demonspawn Wizard)         Turns: 17705, Time: 01:29:52

Health: -9/68      AC: 12    Str:  7    XL:     11   Next: 99%
Magic:  14/30      EV: 23    Int: 23    God:    Vehumet [****..]
Gold:   434        SH:  4    Dex: 18    Spells: 10 memorised, 4 levels left

rFire  + . .     SeeInvis +     a - +4 rapier (venom)
rCold  . . .     Clarity  .     M - +2 robe {rN+}
rNeg   + . .     SustAb   .     k - +0 buckler
rPois  +         Gourm    .     b - +0 hat
rElec  .         Spirit   .     B - +2 cloak {rPois}
rCorr  .         Warding  .     w - +2 pair of fencer's gloves {EV+3 Dex+6 Slay+2} (curse)
rMut   .         Stasis   .     p - +1 pair of boots
MR     .....                    c - amulet of regeneration
Stlth  +.........               C - ring "Aphulo Mnuro" {rPois EV+5 SInv}
                                o - +3 ring of evasion

@: not resistant to hostile enchantments, very unstealthy
A: talons 1, fire resistance 1, powered by death 2, flame cloud immunity
a: Renounce Religion


You were on level 3 of the Lair of Beasts.
You worshipped Vehumet.
Vehumet was greatly pleased with you.
You were not hungry.

You visited 2 branches of the dungeon, and saw 13 of its levels.
You also visited: Labyrinth.

You collected 611 gold pieces.
You spent 177 gold pieces at shops.

Inventory:

Hand weapons
 a - a +4 rapier of venom (weapon)
 g - a +0 blowgun
Missiles
 r - 7 curare-tipped needles
Armour
 b - a +0 hat (worn)
 k - a +0 buckler (worn)
 p - a +1 pair of boots (worn)
 w - the cursed +2 pair of fencer's gloves (worn) {EV+3 Dex+6 Slay+2}
   (You acquired it on level 6 of the Dungeon)

   It affects your evasion (+3).
   It affects your dexterity (+6).
   It affects your accuracy and damage with ranged weapons and melee attacks
   (+2).
   It has a curse placed upon it.
 B - a +2 cloak of poison resistance (worn)
 M - a +2 robe of positive energy (worn)
Magical staves
 E - an uncursed staff of wizardry
Jewellery
 c - an amulet of regeneration (around neck)
 o - a +3 ring of evasion (left hand)
 C - the ring "Aphulo Mnuro" (right hand) {rPois EV+5 SInv}
   (You found it in a labyrinth)

   [ring of evasion]

   It affects your evasion (+5).
   It protects you from poison.
   It enhances your eyesight.
Magical devices
 t - a wand of teleportation (7)
Scrolls
 d - a scroll of identify
 l - a scroll of fear
 u - 4 scrolls of teleportation
 y - 4 scrolls of remove curse
 R - a scroll of vulnerability
Potions
 e - 5 potions of heal wounds
 m - 3 potions of curing
 v - a potion of lignification
 x - a potion of flight
 F - a potion of haste
 J - a potion of cancellation
 O - a potion of berserk rage {unknown}
Miscellaneous
 n - a stone of tremors (inert, charging)
Comestibles
 h - a slice of pizza
 i - 2 beef jerkies
 q - 2 meat rations
 z - 9 bread rations
 I - 6 fruits


   Skills:
 - Level 2.9 Dodging
 - Level 1.7 Stealth
 + Level 11.0 Spellcasting
 - Level 9.1 Conjurations
   Level 1.0 Summonings
 - Level 0.8 Translocations
 - Level 11.5 Fire Magic


You had 4 spell levels left.
You knew the following spells:

 Your Spells              Type           Power        Failure   Level  Hunger
a - Magic Dart            Conj           ####         1%          1    None
b - Searing Ray           Conj           ######       1%          2    None
c - Lightning Bolt        Conj/Air       ####......   9%          5    ####...
d - Fireball              Conj/Fire      ######....   1%          5    ####...
e - Inner Flame           Hex/Fire       #####...     1%          3    None
f - Repel Missiles        Chrm/Air       ##....       12%         2    None
g - Mephitic Cloud        Conj/Pois/Air  ####....     2%          3    None
h - Swiftness             Chrm/Air       ##......     12%         2    None
i - Blink                 Tloc           N/A          8%          2    None
j - Conjure Flame         Conj/Fire      ######..     1%          3    None


Dungeon Overview and Level Annotations

Branches:
Dungeon (10/15)              Lair (3/8) D:10            Orc (0/4) D:10
 Temple: D:4-7        Swamp: Lair:3-6    Shoals: Lair:3-6     Snake: Lair:3-6
 Spider: Lair:3-6

Altars:
Ashenzari
Cheibriados
Fedhas
Gozag
Makhleb
Okawaru
Ru
Sif Muna
Vehumet
Xom
Zin
The Shining One

Shops:
D:5 =   D:10 *

Annotations:
D:6 exclusion: statue
D:7 Joseph, Menkaure
D:9 Gastronok


Innate Abilities, Weirdness & Mutations

You have sharp toenails.
Your flesh is heat resistant.
You can steal the life force of defeated enemies.
You are immune to clouds of flame.


Message History

Casting: Inner Flame
Confirm with . or Enter, or press ? or * to list all spells.
Aiming: Fireball
Press: ? - help, Shift-Dir - straight line, f/p - griffon
Aim: a griffon (almost dead, poisoned, inner flame) That beam is likely to hit you.
Continue anyway?
The fireball explodes!
The fireball engulfs the griffon.
The griffon explodes!
The fiery explosion engulfs you! You resist.
* * * LOW HITPOINT WARNING * * *
The fiery explosion engulfs the plant.
You destroy the plant!
The fiery explosion engulfs the hippogriff.
The hippogriff is severely wounded.
Vehumet accepts your kill.
You feel your power returning.
You hear a splash. x6
Your Spellcasting skill increases to level 11!
The fireball engulfs you! You resist.
You die...

## #.#### ####...######
########......#≈≈≈≈♣
#.#......≈≈♣P≈≈≈≈P♣
#....≈♣≈♣♣≈♣≈≈♣@♣♣♣
##.♣♣♣♣≈≈P≈≈≈≈≈P§§♣
#..≈♣♣≈P♣≈≈≈≈≈≈P§H§≈P≈≈≈♣
..♣≈P≈≈♣≈≈≈≈≈≈≈≈≈PP≈≈PP≈≈
.≈♣♣≈≈PP≈≈≈≈≈≈≈≈;≈≈≈P≈≈≈P
≈≈≈≈≈≈♣P≈≈≈≈≈≈≈≈≈≈≈≈≈P%P≈
♣♣≈≈≈≈≈≈≈≈≈≈≈≈≈≈≈≈≈≈≈≈≈≈
≈≈≈≈≈≈≈≈ ≈ ≈≈≈≈≈≈≈≈≈≈P
≈≈♣≈≈≈≈ ≈≈≈≈≈≈≈♣≈


You could see a hippogriff and an electric eel.

Vanquished Creatures
  A minotaur (Lab)
  A hydra (Lair:3)
  Pikel (D:7)
  A griffon (Lair:3)
  A spiny frog (Lair:2)
  A queen ant (D:10)
  A komodo dragon (Lair:1)
  A fire drake (Lair:3)
  2 two-headed ogres (D:8)
  A spriggan (D:7)
  10 yaks (Lair:1)
  14 soldier ants (D:10)
  2 hippogriffs (Lair:1)
  2 hungry ghosts
  6 porcupines
  3 water moccasins
  3 orc warriors (D:9)
  2 phantoms
  3 ice beasts
  A black bear (D:10)
  3 ogres
  A centaur (D:8)
  2 slaves (D:7)
  2 necrophages
  A sky beast (D:10)
  2 boring beetles (D:10)
  3 crocodiles
  11 giant frogs
  A gnoll sergeant (D:3)
  A water moccasin skeleton (D:10)
  4 scorpions
  3 killer bees (D:3)
  6 wights (D:6)
  5 goliath beetles
  9 hounds
  A yellow wasp zombie (D:10)
  8 crimson imps
  A quasit (D:6)
  2 giant frog skeletons
  4 centaur skeletons
  4 jellies
  11 orc wizards
  4 orc priests
  44 worker ants
  3 iguanas
  A killer bee zombie (D:6)
  Jessica (D:2)
  A hound skeleton (D:8)
  A hound zombie (D:5)
  Terence (D:2)
  A mummy (D:6)
  7 gnolls
  21 river rats
  12 white imps (Lair:1)
  19 adders
  2 giant mites (D:3)
  2 worms
  An adder skeleton (D:9)
  An adder zombie (D:6)
  4 giant geckos
  27 orcs
  A ball python (D:1)
  A bat skeleton (D:4)
  3 bat zombies
  8 goblins
  20 hobgoblins
  5 jackals
  18 kobolds
  9 quokkas
  12 bats
  3 giant cockroaches
  5 giant newts
  2 hobgoblin zombies (D:6)
  A kobold zombie (D:6)
  An orc zombie (D:6)
  A quokka zombie (D:9)
  16 rats
  3 fungi (Lair:1)
  3 plants
407 creatures vanquished.

Vanquished Creatures (collateral kills)
  A troll (D:9)
  A killer bee (D:3)
  A hound (D:9)
3 creatures vanquished.

Vanquished Creatures (others)
  A yak (D:9)
  An orc warrior (D:9)
  2 slaves (D:7)
  A hound (D:9)
  An orc (D:9)
6 creatures vanquished.

Grand Total: 416 creatures vanquished

Notes
Turn   | Place    | Note
--------------------------------------------------------------
     0 | D:1      | Chiseanne, the Demonspawn Wizard, began the quest for the Orb.
     0 | D:1      | Reached XP level 1. HP: 13/13 MP: 4/4
   498 | D:1      | Gained mutation: You can steal the life force of nearby defeated enemies. [demonic ancestry]
   498 | D:1      | Reached XP level 2. HP: 19/19 MP: 3/6
  1231 | D:2      | Noticed Jessica
  1238 | D:2      | Killed Jessica
  1238 | D:2      | Reached skill level 4 in Spellcasting
  1238 | D:2      | Reached XP level 3. HP: 17/24 MP: 1/9
  1372 | D:2      | Noticed Terence
  1382 | D:2      | Killed Terence
  1589 | D:2      | Reached XP level 4. HP: 30/30 MP: 3/11
  1627 | D:2      | Learned a level 3 spell: Conjure Flame
  1631 | D:2      | Learned a level 3 spell: Mephitic Cloud
  1634 | D:2      | Learned a level 2 spell: Repel Missiles
  2055 | D:2      | Found a sacrificial altar of Ru.
  2403 | D:3      | Found a deep blue altar of Sif Muna.
  2595 | D:3      | Reached skill level 5 in Spellcasting
  2595 | D:3      | Gained mutation: Your flesh is heat resistant. [demonic ancestry]
  2595 | D:3      | Reached XP level 5. HP: 21/35 MP: 2/15
  2857 | D:3      | Noticed a killer bee
  2859 | D:3      | Noticed a killer bee
  2859 | D:3      | Noticed a killer bee
  2956 | D:3      | Noticed a killer bee
  2958 | D:3      | Killed a killer bee
  3016 | D:3      | Killed a killer bee
  3150 | D:3      | Killed a killer bee
  3150 | D:3      | Reached XP level 6. HP: 41/41 MP: 6/18
  3151 | D:3      | Killed a killer bee
  3739 | D:3      | Reached skill level 6 in Spellcasting
  4110 | D:4      | Reached XP level 7. HP: 42/46 MP: 6/20
  5774 | D:5      | Entered Level 5 of the Dungeon
  5789 | D:5      | Reached skill level 5 in Conjurations
  5793 | D:5      | Reached skill level 7 in Spellcasting
  6117 | D:5      | Found a blossoming altar of Fedhas.
  6118 | D:5      | Found an iron altar of Okawaru.
  6132 | D:5      | Found a shattered altar of Ashenzari.
  6135 | D:5      | Found a burning altar of Makhleb.
  6296 | D:5      | Gained mutation: You are immune to clouds of flame. [demonic ancestry]
  6296 | D:5      | Reached XP level 8. HP: 44/52 MP: 15/23
  6517 | D:5      | Found a glowing golden altar of the Shining One.
  6839 | D:5      | Found Abrock's Jewellery Emporium.
  7024 | D:6      | Reached skill level 8 in Spellcasting
  7544 | D:6      | Identified a scroll of acquirement
  8369 | D:6      | Found a radiant altar of Vehumet.
  8375 | D:6      | Became a worshipper of Vehumet
  8430 | D:6      | Gained mutation: You can steal the life force of defeated enemies. [demonic ancestry]
  8430 | D:6      | Reached XP level 9. HP: 46/57 MP: 20/26
  8465 | D:6      | Found a shimmering altar of Xom.
  8475 | D:6      | Reached skill level 9 in Spellcasting
  8687 | D:7      | Noticed Menkaure
  8772 | D:7      | Noticed Joseph
  8876 | D:7      | Noticed Pikel
  8887 | D:7      | Killed Pikel
  9646 | D:8      | Learned a level 3 spell: Inner Flame
  9692 | D:8      | Reached skill level 10 in Spellcasting
  9910 | D:8      | Learned a level 5 spell: Fireball
  9916 | D:8      | Learned a level 5 spell: Lightning Bolt
  9919 | D:8      | Learned a level 2 spell: Swiftness
  9922 | D:8      | Learned a level 2 spell: Blink
  9942 | D:8      | Acquired Vehumet's first power
  9942 | D:8      | Offered knowledge of Sandblast by Vehumet.
 10046 | D:8      | Reached skill level 1 in Fire Magic
 10463 | D:8      | Found an opulent altar of Gozag.
 10463 | D:8      | Found a glowing silver altar of Zin.
 10515 | D:8      | Gained mutation: You have sharp toenails. [demonic ancestry]
 10515 | D:8      | Reached XP level 10. HP: 55/63 MP: 24/28
 11293 | D:9      | Noticed Gastronok
 11550 | D:8      | Offered knowledge of Searing Ray by Vehumet.
 11654 | D:9      | Learned a level 2 spell: Searing Ray
 11844 | D:9      | Got a translucent falchion
 11846 | D:9      | Identified the +6 falchion "Murmur" {pain, rPois} (You took it off an orc warrior on level 9 of the Dungeon)
 11862 | D:9      | Found a snail-covered altar of Cheibriados.
 12221 | D:9      | Reached skill level 5 in Fire Magic
 12590 | D:10     | Entered Level 10 of the Dungeon
 13170 | D:10     | Found a staircase to the Orcish Mines.
 13639 | D:10     | Offered knowledge of Dazzling Spray by Vehumet.
 13657 | D:10     | Acquired Vehumet's second power
 13673 | D:10     | Reached XP level 11. HP: 68/68 MP: 7/29
 13792 | D:10     | Offered knowledge of Iskenderun's Mystic Blast by Vehumet.
 13969 | D:10     | Found Reisoras' Assorted Antiques.
 13977 | D:10     | Bought a smoky yellow potion for 27 gold pieces
 13977 | D:10     | Bought a triangular golden amulet for 150 gold pieces
 14176 | D:10     | Found a staircase to the Lair.
 14382 | Lair:1   | Entered Level 1 of the Lair of Beasts
 14484 | Lair:1   | Acquired Vehumet's third power
 14571 | Lair:1   | Offered knowledge of Airstrike by Vehumet.
 14674 | Lair:1   | Reached skill level 10 in Fire Magic
 14980 | Lair:1   | Found a frozen archway.
 16042 | Lair:2   | Reached skill level 11 in Fire Magic
 16204 | Lair:2   | Found a labyrinth entrance.
 16224 | Lab      | Entered a labyrinth
 16701 | Lab      | Noticed a minotaur
 16706 | Lab      | Killed a minotaur
 16710 | Lab      | Got a shimmering brass ring
 16764 | Lab      | Identified the ring "Aphulo Mnuro" {rPois EV+5 SInv} (You found it in a labyrinth)
 16964 | Lair:2   | Offered knowledge of Force Lance by Vehumet.
 17520 | Lair:3   | Noticed an eight-headed hydra
 17524 | Lair:3   | Killed an eight-headed hydra
 17705 | Lair:3   | HP: 2/68 [griffon/exploding inner flame[the player character] (15)]
 17705 | Lair:3   | Killed themself with a badly aimed fireball

Action                   |  1- 3 |  4- 6 |  7- 9 | 10-12 || total
-------------------------+-------+-------+-------+-------++-------
Melee: Whip              |    15 |       |       |       ||    15
       Long sword        |    10 |    52 |     5 |       ||    67
       Dagger            |       |       |    25 |       ||    25
       Short sword       |       |       |    95 |     1 ||    96
       Rapier            |       |       |       |   246 ||   246
 Cast: Magic Dart        |    71 |   124 |   498 |   166 ||   859
       Mephitic Cloud    |       |    17 |    17 |     5 ||    39
       Conjure Flame     |       |     9 |    22 |     9 ||    40
       Repel Missiles    |       |     2 |     1 |       ||     3
       Fireball          |       |       |       |    66 ||    66
       Inner Flame       |       |       |       |    41 ||    41
       Searing Ray       |       |       |       |    12 ||    12
       Swiftness         |       |       |       |     1 ||     1
       Lightning Bolt    |       |       |       |     1 ||     1
Evoke: Stone of tremors  |       |       |       |     1 ||     1
  Use: Scroll            |     5 |     4 |     5 |    14 ||    28
       Potion            |       |     6 |     1 |     1 ||     8
 Stab: Confused          |       |     2 |     3 |       ||     5
       Sleeping          |       |       |     1 |     1 ||     2
  Eat: Chunk             |     2 |     8 |    11 |    24 ||    45
       Fruit             |       |       |     9 |    11 ||    20
       Pizza             |       |       |     1 |     1 ||     2
       Beef jerky        |       |       |       |     1 ||     1
